 Dungeon Sprint DCSS version 0.29-a0-468-ge57f7f99b4 (webtiles) character file.

Game seed: 5784820272810034942

15556 mhtbhm the Severer (level 12, -11/121 HPs)
             Began as a Minotaur Berserker on May 21, 2022.
             Was the Champion of Trog.
             Killed from afar by an oklob plant (22 damage)
             ... with a splash of acid
             ... in the Dungeon (Sprint IV: "Fedhas' Mad Dash").
             The game lasted 00:07:04 (4538 turns).

mhtbhm the Severer (Minotaur Berserker)             Turns: 4538, Time: 00:07:04

Health: -11/121    AC:  3    Str: 27    XL:     12   Next: 2%
Magic:  10/11      EV: 10    Int:  4    God:    Trog [******]
Gold:   322        SH:  0    Dex: 10    Spells: 11/11 levels left

rFire   . . .      SeeInvis .   a - +3 executioner's axe (vorpal)
rCold   . . .      Faith    .   (shield currently unavailable)
rNeg    . . .      Spirit   .   b - +0 plate armour {rPois}
rPois   +          Reflect  .   (helmet restricted)
rElec   .          Harm     .   (no cloak)
rCorr   .          Rampage  .   (no gloves)
Will    .....      NoTele   +   (no boots)
Stlth   +.........              k - amulet of invisibility {+Inv}
HPRegen 0.30/turn               (no ring)
MPRegen 0.12/turn               (no ring)

@: corroded, very slightly contaminated
A: horns 2, retaliatory headbutt
a: Renounce Religion, Evoke Invisibility, Berserk, Trog's Hand, Brothers in Arms


You were in the Dungeon.
You worshipped Trog.
Trog was exalted by your worship.
You visited 1 branch You collected 322 gold pieces.

Inventory:

Hand Weapons
 a - a +3 vorpal executioner's axe (weapon)
 p - a +1 antimagic broad axe
Armour
 b - a +0 plate armour of poison resistance (worn)
Jewellery
 k - the amulet of invisibility (around neck) {+Inv}
   (You found it in the Dungeon)

   [amulet of nothing]

   +Inv:      It lets you turn invisible.
 r - the amulet of Weabep {Spirit rF+}
   (You found it in the Dungeon)

   [amulet of guardian spirit]

   It causes incoming damage to be divided between your reserves of health and
   magic.
   rF:        It protects you from fire.
Scrolls
 h - a scroll of blinking
 j - a scroll of magic mapping {unknown}
 l - a scroll of poison {unknown}
 m - 2 scrolls of identify {unknown}
Potions
 c - 2 potions of curing
 d - a potion of might {unknown}
 e - a potion of haste
 f - 3 potions of magic
 g - a potion of berserk rage
 i - a potion of flight {unknown}
 o - 2 potions of brilliance {unknown}
Miscellaneous
 n - a condenser vane
 q - a box of beasts


   Skills:
 + Level 15.5 Fighting
 + Level 19.1 Axes
 + Level 12.1 Armour
 + Level 9.2 Dodging
 + Level 14.2 Stealth
 + Level 11.6 Evocations


You had 11 spell levels left.
You didn't know any spells.
Your spell library was empty.

Dungeon Overview and Level Annotations

Branches:
Dungeon (1/1)

Altars:
Cheibriados
Dithmenos
Elyvilon
Gozag
Hepliaklqana
Kikubaaqudgha
Makhleb
Nemelex Xobeh
Okawaru
Qazlal
Ru
Sif Muna
Trog
Uskayaw
Vehumet
Wu Jian
Xom
Yredelemnul
Zin
The Shining One
Beogh
Jiyva
Lugonu

Shops:
D *[**(=([?!=([(!=[(

Annotations:
D exclusion: 6 oklob plants


Innate Abilities, Weirdness & Mutations

You have a pair of horns on your head.
You reflexively headbutt those who attack you in melee.


Message History

The oklob plant is heavily damaged.
You catch the helpless oklob plant completely off-guard!
You hit the oklob plant. You slice the oklob plant!!
You destroy the oklob plant!
Trog accepts your kill.
Unknown command.
Unknown command.
You strike the helpless oklob plant from behind!
You hit the oklob plant but do no damage.
The oklob plant is heavily damaged.
You hit the oklob plant but do no damage.
Unknown command.
You strike the helpless oklob plant from behind!
You slice the oklob plant!!
You destroy the oklob plant!
Trog accepts your kill.
You slice the oklob plant!!
You destroy the oklob plant!
Trog accepts your kill.
You flicker back into view.
The oklob plant spits acid at you.
The splash of acid hits you but does no damage.
The acid corrodes you!
Your Axes skill increases to level 19!
Your Armour skill increases to level 12!
You have reached level 12!
You feel stronger. The oklob plant spits acid at you.
The splash of acid hits you!! The acid corrodes you!
The oklob plant spits acid at you. The splash of acid hits you!!!
* * * LOW HITPOINT WARNING * * *
The acid corrodes you! The oklob plant spits acid at you.
The splash of acid hits you!
* * * LOW HITPOINT WARNING * * *
There is an open door here.
The oklob plant spits acid at you. The splash of acid hits you!!
You die...

.......P..........♣.....∩.∩...[#
...........#####################
############ ####### ####### ..#
###..#####...∩∩###..)..### ..#
#....'........[##......'.# ###
#....#####P....'...)..)### #
##)...# ###############
####.....#####∩∩∩#....P.P.P
.........'....∩.@'.........
.........#####∩∩∩#...P.P.P.
########## ##############


You could see 3 oklob plants.

Vanquished Creatures
  Agnes (D)
  A ghost moth (D)
  A spriggan defender (D)
  2 spriggan berserkers (D)
  A spriggan druid (D)
  14 oklob plants (D)
  A moth of wrath (D)
  3 demonic crawlers (D)
  3 burning bushes (D)
  A queen bee (D)
  3 wandering mushrooms (D)
  6 hornets (D)
  4 scorpions (D)
  4 killer bees (D)
  5 oklob saplings (D)
  8 spriggans (D)
  A river rat (D)
  A rat (D)
  A ballistomycete spore (D)
  A bush (D)
62 creatures vanquished.

Vanquished Creatures (collateral kills)
  A moth of wrath (D)
1 creature vanquished.

Vanquished Creatures (others)
  A ballistomycete spore (D)
  A bush (D)
  6 fungi (D)
8 creatures vanquished.

Grand Total: 71 creatures vanquished

Notes
Turn   | Place    | Note
-------+----------+-------------------------------------------
     0 | D        | mhtbhm the Minotaur Berserker began the quest for the Orb.
     0 | D        | Reached XP level 1. HP: 19/19 MP: 0/0
    18 | D        | Reached skill level 4 in Axes
    18 | D        | Reached XP level 2. HP: 10/28 MP: 1/1
   240 | D        | Noticed a scorpion
   242 | D        | Noticed an oklob sapling
   245 | D        | Killed an oklob sapling
   246 | D        | Reached skill level 5 in Fighting
   246 | D        | Reached skill level 6 in Axes
   246 | D        | Reached XP level 3. HP: 37/37 MP: 2/2
   248 | D        | Killed a scorpion
   248 | D        | Reached ** piety under Trog
   249 | D        | Reached skill level 7 in Axes
   249 | D        | Reached XP level 4. HP: 36/47 MP: 3/3
   271 | D        | Found the amulet of invisibility {+Inv}
   510 | D        | Found an opulent altar of Gozag.
   510 | D        | Found a hazy altar of Hepliaklqana.
   510 | D        | Found a burning altar of Makhleb.
   510 | D        | Found a sparkling altar of Nemelex Xobeh.
   510 | D        | Found a snail-covered altar of Cheibriados.
   510 | D        | Found a sacrificial altar of Ru.
   510 | D        | Found a shimmering blue altar of Sif Muna.
   510 | D        | Found a shimmering altar of Xom.
   510 | D        | Found a basalt altar of Yredelemnul.
   511 | D        | Found a viscous altar of Jiyva.
   511 | D        | Found a bloodstained altar of Trog.
   511 | D        | Found an ornate altar of the Wu Jian Council.
   512 | D        | Found an iron altar of Okawaru.
   512 | D        | Found a shadowy altar of Dithmenos.
   512 | D        | Found a glowing silver altar of Zin.
   513 | D        | Found an ancient bone altar of Kikubaaqudgha.
   513 | D        | Found a hide-covered altar of Uskayaw.
   514 | D        | Found a stormy altar of Qazlal.
   514 | D        | Found a white marble altar of Elyvilon.
   514 | D        | Found a glowing golden altar of the Shining One.
   515 | D        | Found a corrupted altar of Lugonu.
   515 | D        | Found a radiant altar of Vehumet.
   526 | D        | Reached skill level 8 in Axes
   526 | D        | Reached XP level 5. HP: 53/53 MP: 2/4
   585 | D        | Reached skill level 9 in Axes
   585 | D        | Reached skill level 5 in Dodging
   585 | D        | Reached skill level 1 in Stealth
   585 | D        | Reached skill level 1 in Evocations
   620 | D        | Reached *** piety under Trog
   621 | D        | Reached skill level 10 in Axes
   622 | D        | Reached XP level 6. HP: 62/62 MP: 5/5
   680 | D        | Found Zaocuj's Antique Weapon Shop.
   680 | D        | Found Histroile's Jewellery Emporium.
   746 | D        | Noticed a queen bee
   756 | D        | Reached skill level 11 in Axes
   756 | D        | Reached **** piety under Trog
   766 | D        | Killed a queen bee
   767 | D        | Reached skill level 10 in Fighting
   767 | D        | Reached skill level 12 in Axes
   767 | D        | Reached skill level 5 in Armour
   767 | D        | Reached XP level 7. HP: 72/72 MP: 3/6
   818 | D        | Noticed an oklob plant
   834 | D        | Killed an oklob plant
   835 | D        | Reached skill level 13 in Axes
   835 | D        | Reached skill level 5 in Evocations
   835 | D        | Reached XP level 8. HP: 46/80 MP: 5/7
  1011 | D        | Noticed a burning bush
  1024 | D        | Killed a burning bush
  1024 | D        | Reached ***** piety under Trog
  1052 | D        | Noticed a burning bush
  1052 | D        | Noticed an oklob plant
  1053 | D        | Noticed a wandering mushroom
  1060 | D        | Killed a burning bush
  1346 | D        | Killed a wandering mushroom
  1368 | D        | Killed an oklob plant
  1369 | D        | Reached skill level 14 in Axes
  1369 | D        | Reached XP level 9. HP: 86/86 MP: 8/8
  1800 | D        | Noticed a spriggan druid
  1810 | D        | Killed a spriggan druid
  1830 | D        | Noticed a moth of wrath
  1833 | D        | Noticed a moth of wrath
  1849 | D        | Killed a moth of wrath
  1850 | D        | Killed a moth of wrath
  1851 | D        | Reached skill level 10 in Stealth
  2158 | D        | Noticed an oklob plant conjurer
  2166 | D        | Killed an oklob plant conjurer
  2166 | D        | Received a gift from Trog
  2167 | D        | Reached skill level 15 in Axes
  2184 | D        | Noticed Agnes
  2213 | D        | Noticed an oklob plant
  2213 | D        | Noticed an oklob plant summoner
  2214 | D        | Noticed an oklob plant shifter
  2224 | D        | Killed an oklob plant
  2225 | D        | Reached XP level 10. HP: 63/97 MP: 1/9
  2228 | D        | Killed an oklob plant summoner
  2233 | D        | Killed an oklob plant shifter
  2558 | D        | Noticed a spriggan rider
  2567 | D        | Found Neibbul's Antique Armour Emporium.
  2575 | D        | Killed a spriggan rider
  2575 | D        | Received a gift from Trog
  2576 | D        | Reached skill level 10 in Evocations
  2576 | D        | Found Yzanees's Weapon Shoppe.
  2753 | D        | Killed Agnes
  2873 | D        | Noticed a spriggan rider
  2879 | D        | Found Vicwienkos's Armour Emporium.
  2879 | D        | Noticed a spriggan berserker
  2887 | D        | Killed a spriggan rider
  2888 | D        | Reached skill level 16 in Axes
  3125 | D        | Killed a spriggan berserker
  3125 | D        | Received a gift from Trog
  3126 | D        | Reached XP level 11. HP: 69/107 MP: 10/10
  3487 | D        | Found Gufu's Weapon Shoppe.
  3490 | D        | Noticed a spriggan defender
  3496 | D        | Killed a spriggan defender
  3702 | D        | Received a gift from Trog
  3750 | D        | Found Cigiyrr's Jewellery Emporium.
  3750 | D        | Found Joifinn's Distillery.
  3862 | D        | Noticed an oklob plant shifter
  3862 | D        | Noticed an oklob plant meteorologist
  3870 | D        | Killed an oklob plant meteorologist
  3871 | D        | Reached skill level 17 in Axes
  3871 | D        | Reached skill level 10 in Armour
  3897 | D        | Received a gift from Trog
  3900 | D        | Killed a ghost moth
  4134 | D        | Killed an oklob plant shifter
  4146 | D        | Noticed a spriggan rider
  4152 | D        | Reached skill level 15 in Fighting
  4157 | D        | Reached ****** piety under Trog
  4158 | D        | Reached skill level 18 in Axes
  4303 | D        | Noticed an oklob plant summoner
  4305 | D        | Found Xepappoe's Magic Scroll Emporium.
  4306 | D        | Found Ymoinaby's Distillery.
  4314 | D        | Killed an oklob plant summoner
  4319 | D        | Noticed an oklob plant demonologist
  4319 | D        | Noticed an oklob plant annihilator
  4320 | D        | Noticed a spriggan berserker
  4330 | D        | Killed a spriggan berserker
  4336 | D        | Killed an oklob plant annihilator
  4342 | D        | Killed an oklob plant demonologist
  4342 | D        | Received a gift from Trog
  4365 | D        | Identified the +2 glaive of Filigreed Gallantry {freeze,
                  | rElec rF+++ Str+4 Int-3}
  4408 | D        | Identified the amulet of Weabep {Spirit rF+}
  4515 | D        | Found Ismiahuo's Armour Shoppe.
  4515 | D        | Found Weprycw's Assorted Antiques.
  4515 | D        | Found Goffac's Antique Weapon Emporium.
  4516 | D        | Found Iffuufuq's General Store.
  4516 | D        | Found Qoeffyc's Assorted Antiques.
  4517 | D        | Found Roesocru's Antique Weapon Emporium.
  4517 | D        | Found Picwi's Armour Shop.
  4517 | D        | Found Edou's Jewellery Boutique.
  4519 | D        | Noticed an oklob plant
  4521 | D        | Noticed an oklob plant
  4522 | D        | Noticed an oklob plant
  4523 | D        | Noticed an oklob plant
  4524 | D        | Noticed an oklob plant
  4525 | D        | Noticed an oklob plant
  4526 | D        | Noticed an oklob plant
  4527 | D        | Noticed an oklob plant
  4532 | D        | Noticed an oklob plant
  4533 | D        | Killed an oklob plant
  4535 | D        | Killed an oklob plant
  4535 | D        | Killed an oklob plant
  4536 | D        | Reached skill level 19 in Axes
  4536 | D        | Reached XP level 12. HP: 94/121 MP: 9/11
  4538 | D        | Killed from afar by an oklob plant

Illustrated notes

Levels and vault maps discovered:
D:        dungeon_sprint_fedhas [sprint_temple]

Skill      XL: |  1  2  3  4  5  6  7  8  9 10 11 |
---------------+----------------------------------+-----
Fighting       | 4 5 7 8 10 12 13 15 | 15.5
Axes           | 4 6 7 8 10 12 13 14 15 16 19 | 19.1
Armour         | 3 4 5 6 9 12 | 12.1
Dodging        | 3 4 5 6 7 8 9 |  9.2
Stealth        | 2 4 6 8 10 13 14 | 14.2
Evocations     | 1 4 5 7 9 10 11 | 11.6

Action                   |  1- 3 |  4- 6 |  7- 9 | 10-12 || total
-------------------------+-------+-------+-------+-------++-------
Melee: Hand axe          |    12 |    36 |    85 |       ||   133
       Headbutt          |     2 |     6 |    31 |    20 ||    59
       Punch             |       |       |     4 |     1 ||     5
       War axe           |       |       |     6 |    24 ||    30
       Battleaxe         |       |       |       |    68 ||    68
       Executioner's axe |       |       |       |     7 ||     7
Invok: Berserk           |     2 |     3 |     2 |     8 ||    15
       Brothers in Arms  |       |       |     1 |     1 ||     2
 Abil: Evoke Invisibilit |       |     4 |     6 |     4 ||    14
Evoke: Condenser vane    |       |       |       |     1 ||     1
  Use: Potion            |       |       |     1 |       ||     1
 Stab: Invisible         |       |     4 |     9 |    13 ||    26
       Sleeping          |       |     2 |     4 |     1 ||     7
Armor: Ring mail         |       |       |     6 |     6 ||    12
       Plate armour      |       |       |       |    15 ||    15
Dodge: Dodged            |     5 |    15 |    17 |    32 ||    69

Table legend: (Time is in decaauts)
 A = Elapsed time spent in this place.
 B = Non-inter-level travel time spent in this place.
 C = Inter-level travel time spent in this place.
 D = Time resting spent in this place.
 E = Time spent auto-exploring this place.
 F = Levels seen in this place.
 G = Mean time per level.
                   A        B        C        D        E       F      G
               +--------+--------+--------+--------+--------+-----+--------+
         Total |   4612 |   4516 |     96 |   3609 |      0 |   1 | 4612.0 |
       Dungeon |   4612 |   4516 |     96 |   3609 |      0 |   1 | 4612.0 |
               +--------+--------+--------+--------+--------+-----+--------+

Top non-repeatable levels by time:
       D: 4612 daAuts
